[Event "7th Sharjah Masters 2024"]
[Site "Sharjah"]
[Date "2024.05.20"]
[Round "7.1"]
[White "Aravindh, Chithambaram VR."]
[Black "Daneshvar, Bardiya"]
[Result "0-1"]
[ECO "D02"]
[WhiteElo "2671"]
[BlackElo "2582"]
[Annotator "TA"]
[PlyCount "82"]
[EventDate "2024.05.13"]
[EventType "swiss"]
[EventCountry "UAE"]
[SourceTitle "playchess.com"]
[Source "ChessBase"]
[SourceQuality "1"]
[TimeControl "5400+30"]

1. Nf3 d5 2. g3 c5 3. Bg2 Nc6 4. d4 e6 5. O-O Nf6 6. b3 Bd7 7. Bb2 Rc8 8. Nbd2 cxd4 {[%emt 0:07:41] The position is equal.} 9. Nxd4 Nxd4 10. Bxd4 Bc5 11. Bb2 O-O 12. c4 Bc6 13. Rc1 {[%emt 0:18:13] Black must now prevent cxd5.} Be7 14. e3 a5 15. a4 Bb4 16. cxd5 Nxd5 17. Nc4 Qe7 18. Qe2 f6 19. Qh5 e5 20. Rfd1 Rcd8 21. Qe2 Qe6 (21... Rfe8 $11 {keeps the balance.}) 22. e4 $16 Ne7 23. Bc3 Bxc3 24. Rxc3 Ra8 25. Rd6 Qf7 26. Qd2 Nc8 27. Rdd3 Qc7 28. Ne3 Kh8 29. Nd5 Qf7 30. Rc5 Nd6 31. Nc3 Ne8 32. Nd5 Nd6 $1 33. f3 f5 {[%emt 0:02:15] [#] And now ...fxe4 would win.} 34. h4 $2 (34. Rxa5 $2 Rxa5 35. Nc3 (35. Qxa5 $2 fxe4 36. fxe4 Qf2+ 37. Kh1 Qe2 $19) 35... fxe4 36. Nxe4 Bxe4 37. fxe4 Ra6 $19) (34. Rc1 $1 $16) 34... fxe4 $19 35. Re3 {[%emt 0:00:07] [#]} (35. fxe4 $2 {loses.} Nxe4 36. Qc2 (36. Bxe4 $2 Qf1+ 37. Kh2 Rf2+ $19) 36... Nxc5 $19) 35... Rad8 (35... Nf5 $1 $19 36. fxe4 Nxe3 37. Qxe3 Be8) 36. fxe4 $17 {[%emt 0:01:10] [#]} Nxe4 $1 37. Rxe4 (37. Bxe4 $2 {too greedy.} Rxd5 (37... Qf1+ $2 38. Kh2 $19) 38. Rf3 Qxf3 (38... Rxd2 $2 39. Rxf7 Rxf7 40. Bxc6 $19) 39. Bxf3 Rxd2 $19) 37... Rxd5 38. Rxd5 Bxd5 39. Rxe5 (39. Re3 $15) 39... Bxg2 $19 ({Not} 39... Bxb3 40. Rxa5 b6 41. Ra6 $11) 40. Qxg2 Qxb3 41. Rxa5 (41. Kh2 $19) 41... Qb6+ {[%emt 0:00:07] Weighted Error Value: White=0.39/Black=0.14 (very precise) .  Loses game:     	White=1     	---        Mistake:       	White=2     	Black=2      Inaccurate:     	White=2     	Black=4      OK:         	White=10    	Black=10     Best:        	White=2     	Black=4      Strong:       	---       	Black=1      Brilliant:      	---       	Black=1} 0-1

[Event "7th Sharjah Masters 2024"]
[Site "Sharjah"]
[Date "2024.05.20"]
[Round "7.2"]
[White "Tabatabaei, M. Amin"]
[Black "Sarana, Alexey"]
[Result "1/2-1/2"]
[ECO "E17"]
[WhiteElo "2707"]
[BlackElo "2706"]
[Annotator "TA"]
[PlyCount "143"]
[EventDate "2024.05.13"]
[EventType "swiss"]
[EventCountry "UAE"]
[SourceTitle "playchess.com"]
[Source "ChessBase"]
[SourceQuality "1"]
[TimeControl "5400+30"]

1. d4 Nf6 2. c4 e6 3. Nf3 d5 4. g3 Bb4+ 5. Bd2 Be7 6. Bg2 Nbd7 7. O-O O-O 8. b3 c6 9. Bc3 b6 10. Bb2 Bb7 11. Nc3 c5 12. Ne1 Rc8 13. Nc2 Ne4 14. cxd5 exd5 15. Rb1 Ndf6 16. Rc1 Nxc3 17. Bxc3 Ne4 18. Ba1 Re8 19. dxc5 bxc5 20. Bxe4 dxe4 21. Ne3 Qb6 22. Qd7 Rcd8 23. Qg4 Qg6 24. Qxg6 hxg6 25. Rc2 Rd7 26. Rfc1 Red8 27. Kf1 Rd2 28. Bb2 Rxc2 29. Rxc2 f6 30. Ba3 Rc8 31. h4 Kf7 32. Nc4 Ke6 33. Bc1 Ba6 34. Be3 Bb5 35. Ke1 Kd5 36. Kd1 Rc6 37. Kc1 f5 38. Bf4 Bf6 (38... Bxc4 $14 39. Rxc4 Bd8) 39. Bb8 ({Better is} 39. Ne3+ $1 $16 Ke6 40. a4) 39... Bxc4 $11 40. Rxc4 a6 41. Bf4 Bd4 42. Kd2 Rb6 (42... Bxf2 $2 43. e3 $18) 43. Ra4 Kc6 (43... Bxf2 $2 44. e3 $18) 44. Be3 Be5 45. Ra5 Bd6 46. Kc2 Kd5 47. Bd2 Rc6 48. Bc3 f4 49. g4 (49. Bxg7 $2 e3 50. f3 fxg3 $19) 49... f3 50. exf3 (50. Bxg7 $2 e3 (50... fxe2 $2 51. Kd2 $18) 51. fxe3 f2 $19 (51... fxe2 $2 52. Kd2 $18)) 50... exf3 {[%emt 0:00:01] [#]} 51. Kd3 $1 (51. Bxg7 $6 Bg3 52. h5 (52. fxg3 $2 f2 $19) 52... gxh5 (52... Bxf2 53. h6 $11) 53. gxh5 (53. fxg3 $2 f2 $19) 53... Bxf2 $11) 51... Bc7 52. Ra4 Re6 53. Bxg7 Re2 {[%emt 0:00:53] [#]} 54. Rxa6 (54. Rc4 $1 $16 {Hoping for h5.} Bd6 (54... Rxf2 $2 {perishes.} 55. Rxc5+ Kxc5 56. Bd4+ Kd5 57. Bxf2 $18) (54... Rxa2 55. Ke3 $16) 55. Rc2) 54... Rxf2 $11 55. Ke3 ({But not} 55. Rxg6 Bf4 56. Bc3 Rf1 $17) 55... Rg2 56. Kxf3 Rg3+ 57. Kf2 Rxg4 58. Bf6 c4 59. bxc4+ Rxc4 60. Bg5 Ke4 61. Ke2 Be5 62. Kd2 Rb4 63. Rc6 Rb2+ 64. Rc2 Rxc2+ 65. Kxc2 Kd5 66. Kd3 Bg3 67. a4 Kc6 68. Ke4 Bxh4 69. Bxh4 Kb6 70. Kf4 ({White must play} 70. Bd8+ $16 Kc5 71. Ba5) 70... Ka5 71. Kg5 Kxa4 72. Kxg6 1/2-1/2

[Event "7th Sharjah Masters 2024"]
[Site "Sharjah"]
[Date "2024.05.20"]
[Round "7.3"]
[White "Niemann, Hans Moke"]
[Black "Shankland, Sam"]
[Result "0-1"]
[ECO "B44"]
[WhiteElo "2689"]
[BlackElo "2671"]
[Annotator "TA"]
[PlyCount "92"]
[EventDate "2024.05.13"]
[EventType "swiss"]
[EventCountry "UAE"]
[SourceTitle "playchess.com"]
[Source "ChessBase"]
[SourceQuality "1"]
[TimeControl "5400+30"]

1. e4 c5 2. Nf3 e6 3. d4 cxd4 4. Nxd4 Nf6 5. Bd3 Nc6 6. Nxc6 dxc6 7. Be3 e5 8. h3 {[%emt 0:00:30] Prevents Ng4.} Be6 9. O-O Nd7 10. Qh5 {[%emt 0:00:30] The position is equal.} Qf6 11. Nd2 Bc5 12. Nc4 Bxe3 13. fxe3 (13. Nd6+ $11 Ke7 14. fxe3) 13... Qe7 $15 14. a3 O-O 15. b4 f6 (15... Bxc4 $17 16. Bxc4 a5) 16. Qe2 Rac8 17. Rfb1 Rfd8 18. a4 Nb6 ({Black should try} 18... Nf8 $15) 19. a5 Nxc4 20. Bxc4 Bxc4 21. Qxc4+ Qf7 22. Qxf7+ Kxf7 $11 {[%emt 0:00:30][%mdl 4096] Endgame. KRR-KRR} 23. Rd1 {[%emt 0:00:30] Prevents Rd2} Ke7 24. c4 Rxd1+ 25. Rxd1 Rd8 26. Rxd8 Kxd8 {[%emt 0:00:30] KP-KP} 27. Kf2 Ke7 28. g4 Kf7 (28... c5 $5 29. b5 $8 (29. bxc5 $2 Kd7 $19) 29... Ke6 $15) 29. Kg3 b6 30. a6 b5 31. c5 Kg6 32. h4 $2 (32. Kh4 $11) 32... h5 33. Kh3 Kh6 34. Kg3 {[%emt 0:00:30] [#]} hxg4 $1 35. Kxg4 {[%emt 0:00:30] [#]} g6 $1 36. h5 gxh5+ 37. Kf5 Kg7 38. Ke6 {[%emt 0:00:30] Kd6 would now be deadly. This costs White the game.} h4 {[%emt 0:00:30] Black mates.} 39. Kd6 h3 40. Kxc6 h2 41. Kb7 h1=Q (41... h1=R $2 {is the wrong capture.} 42. c6 Rb1 43. c7 $18 (43. Kxa7 Rxb4 44. Kb6 Rxe4 $18)) 42. Kxa7 Qxe4 43. Kb8 Qxb4 44. c6 Qc5 45. Kb7 b4 ({Not} 45... Qxe3 46. c7 b4 47. c8=Q $11) 46. a7 Qb5+ {[%emt 0:00:30] Weighted Error Value: White=0.24 (precise) /Black=0.07 (flawless) .  Loses game:     	White=1     	---        Mistake:       	White=1     	Black=2      Inaccurate:     	White=4     	Black=1      OK:         	White=10    	Black=5      Best:        	---       	Black=2} (46... Qxe3 47. a8=Q b3 48. Qa3 $11) 0-1

[Event "7th Sharjah Masters 2024"]
[Site "Sharjah"]
[Date "2024.05.20"]
[Round "7.4"]
[White "Erigaisi Arjun"]
[Black "Maghsoodloo, Parham"]
[Result "1/2-1/2"]
[ECO "E20"]
[WhiteElo "2762"]
[BlackElo "2733"]
[Annotator "TA"]
[PlyCount "103"]
[EventDate "2024.05.13"]
[EventType "swiss"]
[EventCountry "UAE"]
[SourceTitle "playchess.com"]
[Source "ChessBase"]
[SourceQuality "1"]
[TimeControl "5400+30"]

1. d4 Nf6 2. c4 e6 3. Nc3 Bb4 4. f3 c5 5. d5 b5 6. e4 {[%emt 0:00:06] E20: Nimzo-Indian: 4 g3 and 4 f3.} O-O 7. e5 Ne8 8. f4 exd5 9. cxd5 d6 10. Nf3 c4 11. a4 dxe5 12. fxe5 Bg4 13. axb5 Nd7 14. Bf4 Nc7 15. Bxc4 Nb6 16. Be2 (16. Bg5 $2 Qxg5 17. Nxg5 Bxd1 $19) 16... Nbxd5 17. Bd2 Bc5 18. Qa4 Qd7 $146 ({Predecessor:} 18... Nxc3 19. bxc3 Bxf3 20. gxf3 Ne6 21. Qg4 g6 22. h4 Bf2+ 23. Kxf2 Qxd2 24. Qe4 Qxc3 25. Rhc1 Qb2 {½-½ Eichler,G-Bartsch,R Rangliste 2100-2600 19694 2016}) 19. Qc4 Bb6 20. Na4 Bxf3 21. Bxf3 Rae8 22. O-O-O Rxe5 23. Rhe1 ({But not} 23. Bf4 Qf5 24. Bxe5 (24. Bxd5 $2 Nxd5 25. Bxe5 Be3+ 26. Rd2 Rc8 $19) 24... Be3+ 25. Rd2 Bxd2+ (25... Qxe5 26. Re1 $17) 26. Kxd2 Qxe5 $17) 23... Qf5 24. Rxe5 Qxe5 25. Re1 Qd6 26. Qc6 Rd8 27. Nxb6 (27. Qxd6 {simplifies} Rxd6 28. Nxb6 axb6 29. Be2) 27... axb6 28. Rd1 Ne7 29. Qxd6 Rxd6 30. Be3 Rxd1+ 31. Kxd1 Ned5 32. Bf2 f5 33. Kd2 Kf7 34. Kd3 g5 35. Kc4 Ke6 36. h3 Ke5 37. Bd4+ Kd6 38. g4 (38. g3 $14) 38... f4 $1 $11 39. Be4 h6 40. Bf3 Ke6 41. Bg7 Kf7 42. Bd4 Ke6 43. Bg7 Kf7 44. Bd4 Ke6 45. Be4 Kd6 46. Bh1 Ke6 47. Bf3 Kd6 48. b3 Ke6 49. Bg7 Kf7 50. Bd4 (50. Bxd5+ Kxg7 51. Bf3 Kf6 $15) 50... Ke6 51. Bg7 Kf7 52. Bd4 ({Much worse is} 52. Bxd5+ Kxg7 53. Bg2 Kf6 $17) 1/2-1/2

[Event "7th Sharjah Masters 2024"]
[Site "Sharjah"]
[Date "2024.05.20"]
[Round "7.5"]
[White "Yu, Yangyi"]
[Black "Salem, A.R. Saleh"]
[Result "1/2-1/2"]
[ECO "B12"]
[WhiteElo "2729"]
[BlackElo "2629"]
[Annotator "TA"]
[PlyCount "87"]
[EventDate "2024.05.13"]
[EventType "swiss"]
[EventCountry "UAE"]
[SourceTitle "playchess.com"]
[Source "ChessBase"]
[SourceQuality "1"]
[TimeControl "5400+30"]

1. e4 c6 2. d4 d5 3. e5 Bf5 4. h4 h5 5. Bd3 Bxd3 6. Qxd3 Qa5+ 7. c3 e6 8. Nf3 Qa6 9. Qd1 Ne7 10. a4 Nf5 11. b4 Nd7 12. Nbd2 Be7 13. Nb3 Qc4 14. Bb2 f6 15. Na5 Qa6 {[%emt 0:00:30] Threatening ...fxe5.} 16. Qe2 Qxe2+ 17. Kxe2 fxe5 18. dxe5 O-O-O 19. Nb3 Rde8 20. a5 Rhf8 21. Bc1 Bd8 22. a6 bxa6 23. Rxa6 Kb7 24. Ra2 {[%emt 0:00:30] White is more active.} Bb6 25. Ba3 (25. Na5+ $16 Kc7 26. c4) 25... Nh6 $1 $11 26. c4 Rf4 $1 (26... dxc4 27. Nc5+ Bxc5 28. bxc5 $11) 27. c5 {[%emt 0:00:30] [#] Threatens to win with b5.} Bc7 28. Rha1 Nf5 (28... Bxe5 29. Nxe5 Re4+ (29... Nxe5 $2 30. Bb2 $18) 30. Kf1 Nxe5 (30... Rxe5 $2 31. Bb2 $18) 31. Bb2 $16) ({Black should play} 28... a6 $15 29. b5 Re4+ (29... cxb5 30. Bc1 $11) (29... Nxe5 30. b6 $18) (29... axb5 30. Bc1 $11) 30. Kf1 cxb5) 29. Bc1 Rxb4 (29... Re4+ {seems wilder.} 30. Kf1 Ra8 31. Ra4 Nxe5 32. Ng5 Rxh4 33. Nxe6 Nd3) 30. Rxa7+ Kc8 31. Ra8+ Nb8 32. Na5 (32. R1a3 {with more complications.} Nxh4 33. Nfd4 Nf5 34. Kd3) 32... Bxa5 {[%emt 0:00:30] The position is equal.} 33. R1xa5 Re7 $1 34. R5a6 Rb5 35. Ba3 (35. Rxc6+ $2 {loses.} Kb7 36. Rxb8+ Kxc6 37. Rc8+ Rc7 38. Rxc7+ Kxc7 $19) 35... Reb7 36. Rxc6+ Kd7 37. Rb6 R5xb6 38. cxb6 Rxb6 39. Ra7+ Ke8 40. Bc5 Rb5 41. Ra8 {[%emt 0:00:30] [#] Hoping for Ba7.} Kd7 (41... Rxc5 42. Rxb8+ Kd7 43. Rb7+ Kc6 44. Rf7 $16) 42. Ra7+ Ke8 43. Ra8 {[%emt 0:00:30] And now Ba7 would win.} Kd7 (43... Rxc5 44. Rxb8+ Kd7 45. Rb7+ Kc6 46. Rf7 $16) 44. Ra7+ {[%emt 0:00:30] Weighted Error Value: White=0.12 (very precise) /Black=0.08 (flawless) .  Mistake:       	White=1     	Black=1      Inaccurate:     	White=4     	Black=4      OK:         	White=12    	Black=16     Best:        	White=1     	Black=2      Strong:       	---       	Black=3} 1/2-1/2

[Event "7th Sharjah Masters 2024"]
[Site "Sharjah"]
[Date "2024.05.20"]
[Round "7.6"]
[White "Suleymanli, Aydin"]
[Black "Sindarov, Javokhir"]
[Result "1-0"]
[ECO "C77"]
[WhiteElo "2621"]
[BlackElo "2684"]
[Annotator "TA"]
[PlyCount "77"]
[EventDate "2024.05.13"]
[EventType "swiss"]
[EventCountry "UAE"]
[SourceTitle "playchess.com"]
[Source "ChessBase"]
[SourceQuality "1"]
[TimeControl "5400+30"]

1. e4 e5 2. Nf3 Nc6 3. Bb5 a6 4. Ba4 Nf6 5. O-O Be7 6. d3 b5 7. Bb3 d6 8. a3 O-O 9. Nc3 Na5 10. Ba2 c5 11. b4 Nc6 {[%emt 0:00:30] The position is equal.} 12. Nd5 a5 13. c4 Nxd5 14. exd5 Nd4 15. Nxd4 cxd4 16. cxb5 {[%emt 0:00:30] Black must now prevent a4.} a4 $1 17. Bd2 Bd7 18. Rc1 Bxb5 19. Bc4 Bd7 20. Rb1 Qb8 (20... f5 $11) 21. b5 $14 Bd8 (21... Qb6 $14) 22. f4 $16 exf4 23. Bxf4 Bb6 24. Rb4 (24. Qe1 $16) 24... Ba5 (24... Ra5 $14) 25. Qxa4 (25. Rxa4 $6 Bxb5 26. Bxb5 Qxb5 $11) 25... g5 {[%emt 0:00:30] [#]} (25... Bxb4 $2 26. Qxb4 Rd8 27. a4 $18 (27. Qxd6 Qxd6 28. Bxd6 Bxb5 $15) (27. Bxd6 Qb6 $18)) 26. Bc1 ({Inferior is} 26. Bxg5 Bd8 27. Qc2 Bxg5 $17) 26... f5 27. Rb1 ({Weaker is} 27. Bxg5 Bd8 28. Qc2 Bxg5 $19) 27... f4 28. Qd1 {[%emt 0:00:30][%cal Oh2h4] Against Bg4. Strongly threatening h4!} Qe8 (28... h6 $16) 29. b6 $18 Rb8 30. b7 Rf7 (30... Bc3 $142 31. Qf3 Qe5) 31. Qh5 Qe5 32. Rb2 Re7 $2 {[%emt 0:00:30] [#]} (32... Qg7 33. Ba6 Rf5) 33. h4 Bc3 34. Rb6 (34. Qxg5+ Qxg5 35. hxg5 Bxb2 36. Bxb2 Rxb7 37. Bxd4 Bb5 $14) 34... Rg7 (34... Be8 $142 35. Qxg5+ Qxg5 36. hxg5 Rexb7) 35. hxg5 Rxg5 36. Qf3 Rg3 37. Qxf4 Qg7 38. Qxd6 Rxg2+ 39. Kh1 {[%emt 0:00:30] Weighted Error Value: White=0.07 (flawless) /Black=0.56.  Mistake:       	White=1     	Black=7      Inaccurate:     	White=1     	Black=2      OK:         	White=13    	Black=9      Best:        	White=6     	---        Strong:       	---       	Black=1} 1-0

[Event "7th Sharjah Masters 2024"]
[Site "Sharjah"]
[Date "2024.05.20"]
[Round "7.7"]
[White "Pranav, V."]
[Black "Murzin, Volodar"]
[Result "0-1"]
[ECO "B94"]
[WhiteElo "2587"]
[BlackElo "2634"]
[Annotator "RC"]
[PlyCount "128"]
[EventDate "2024.05.13"]
[EventType "swiss"]
[EventCountry "UAE"]
[SourceTitle "playchess.com"]
[Source "ChessBase"]
[SourceQuality "1"]
[TimeControl "5400+30"]

1. e4 c5 2. Nf3 d6 3. d4 cxd4 4. Nxd4 Nf6 5. Nc3 a6 6. Bg5 Nbd7 7. Qe2 Qc7 8. g3 h6 9. Bxf6 Nxf6 10. Bg2 e5 11. Nb3 Be6 12. Nd2 b5 13. O-O Be7 14. a4 b4 15. Nd5 Nxd5 16. exd5 Bd7 17. f4 O-O 18. Nc4 e4 19. Bxe4 Bf6 20. Bd3 Qc5+ 21. Kg2 Qxd5+ 22. Qe4 Qxe4+ 23. Bxe4 Rac8 24. Nxd6 Rc5 25. Rab1 Be7 26. Nb7 Rc4 27. Bd3 Rc7 28. Na5 Bxa4 29. b3 Bb5 30. Nc4 Bf6 31. Rbd1 Rc5 32. Ne3 Bc6+ 33. Kf2 a5 34. Rfe1 Re8 35. Bc4 Bc3 36. Re2 a4 37. Rd3 Bb2 38. Nd1 Rxe2+ 39. Kxe2 Bf6 40. Ne3 a3 41. Ng4 Bc3 42. Rd8+ Kh7 43. Bxf7 g6 44. Ne5 a2 45. Bxg6+ Kg7 46. Nxc6 Rxc6 47. Ra8 a1=Q 48. Rxa1 Bxa1 49. Be4 Rd6 50. Bd3 Bd4 51. Kf3 Re6 52. Be4 Bg1 53. h3 Bd4 54. g4 Bf6 55. Ke3 Kf8 56. Kf3 Ke7 57. Bd3 Kd6 58. Bc4 Re1 59. Bd3 Kc5 60. g5 hxg5 61. fxg5 Bxg5 62. Kg4 Be7 63. Ba6 Kd4 64. Bd3 Kc3 0-1

[Event "7th Sharjah Masters 2024"]
[Site "Sharjah"]
[Date "2024.05.20"]
[Round "7.8"]
[White "Muradli, Mahammad"]
[Black "Radjabov, Teimour"]
[Result "1-0"]
[ECO "D35"]
[WhiteElo "2561"]
[BlackElo "2723"]
[Annotator "TA"]
[PlyCount "133"]
[EventDate "2024.05.13"]
[EventType "swiss"]
[EventCountry "UAE"]
[SourceTitle "playchess.com"]
[Source "ChessBase"]
[SourceQuality "1"]
[TimeControl "5400+30"]

1. d4 Nf6 2. c4 e6 3. Nf3 d5 4. Nc3 Be7 5. cxd5 exd5 6. Bf4 c6 7. e3 Bf5 8. Nh4 Bg4 9. Qc2 Nbd7 10. h3 Be6 11. Bd3 O-O 12. O-O Ne4 13. Nf3 f5 14. Ne5 Nxe5 15. Bxe5 Bd6 16. Ne2 Qc7 17. f4 a5 18. Kh2 Qe7 19. Bxd6 Qxd6 20. Ng1 g5 21. g3 h6 22. Nf3 Rf7 23. Ne5 Rg7 24. Bxe4 dxe4 25. a3 Rf8 26. Qc3 Qd8 27. Rf2 Kh7 28. Qc2 Rfg8 29. Rg1 Kh8 30. Rgg2 h5 31. fxg5 Qxg5 32. Rf4 Qe7 33. Qc3 Qd8 $1 34. Qe1 Rh7 ({Black should try} 34... Rg5) 35. Kg1 (35. Qf2 $16) 35... Rgg7 36. b4 axb4 37. Qxb4 Kg8 38. a4 Qd5 (38... Qe7 $14 {might be stronger.} 39. Qc3 Rh6) 39. a5 $16 Rh6 40. Kh2 Kh7 41. Rgf2 Qd8 42. Rb2 Qg5 43. Qe1 Qe7 44. Rc2 Qa3 45. Rc5 Kg8 46. Qd2 Kh7 47. Rc1 Kg8 48. Rb1 Kh7 49. Rb6 Bc8 50. h4 Re7 (50... Qe7 $16 {keeps fighting.} 51. Qc3 Qe6) 51. Rf1 Qd6 $2 (51... Rg7 $16 52. Rg1 Qd6) 52. Qc3 (52. a6 $18 {is the precise move to win.}) 52... Qd5 $16 53. Rf2 Rg7 54. Qe1 Qg8 55. Rf4 (55. Rfb2 $16) 55... Qd5 (55... Qa2+ $11 {keeps the balance.} 56. Rf2 Qd5) 56. Rf2 (56. Rb2 $16) 56... Rf6 (56... Qg8 $11) 57. Rbb2 (57. Rc2 $16) 57... Qg8 (57... c5 $1 $14) 58. Rfc2 $16 Qe8 (58... Qe6 $16) 59. Qf1 $18 Qd8 60. Rc5 Rf8 (60... f4 $142 61. gxf4 Rf8) 61. Qf4 $18 Rfg8 $2 (61... Qf6 {is tougher.} 62. a6 Kg8) 62. Rg2 (62. a6 $142 {Strongly threatening axb7.} Qf6 63. axb7 Bxb7 64. Rb6) 62... Rc7 $2 (62... Qf6 63. a6 Rf8) 63. Rgc2 Rcg7 64. Rg2 (64. a6 $142 Re8 65. axb7 Bxb7 66. Qxf5+ Kg8 67. Qxh5 (67. Nxc6 Qd6 $18)) 64... Rc7 $1 $18 65. a6 Qf6 66. axb7 (66. a7 $142) 66... Bxb7 $18 67. Ng4 1-0

[Event "7th Sharjah Masters 2024"]
[Site "Sharjah"]
[Date "2024.05.20"]
[Round "7.9"]
[White "Artemiev, Vladislav"]
[Black "Maurizzi, Marc`Andria"]
[Result "1/2-1/2"]
[ECO "D02"]
[WhiteElo "2705"]
[BlackElo "2618"]
[Annotator "TA"]
[PlyCount "109"]
[EventDate "2024.05.13"]
[EventType "swiss"]
[EventCountry "UAE"]
[SourceTitle "playchess.com"]
[Source "ChessBase"]
[SourceQuality "1"]
[TimeControl "5400+30"]

1. d4 d5 2. Nf3 Nf6 3. Bf4 e6 4. e3 c5 5. c3 Nc6 6. Nbd2 cxd4 7. exd4 Nh5 8. Be3 Bd6 9. Bb5 {[%emt 0:00:30] White has an edge.} Nf4 10. O-O O-O 11. Re1 Bd7 {[%emt 0:00:30] [#]} (11... Ng6 {simplifies} 12. Bd3 b6 13. g3 h6) 12. Ne5 $1 Nxe5 13. Bxf4 {[%emt 0:00:30] Bxd7 is the strong threat.} Nc4 14. Bxd6 Nxd6 15. Bd3 g6 16. Qg4 Ne8 17. Qf4 Ng7 18. Nf3 {[%emt 0:00:30] Black is weak on the dark squares} (18. Re3 {looks sharper.} Nh5 19. Qh6 Qf6 20. Rf3) 18... f6 19. h4 Rf7 20. c4 dxc4 21. Bxc4 Qb8 22. Qe4 Bc6 23. d5 exd5 24. Bxd5 Bxd5 25. Qxd5 Qd8 {[%emt 0:00:30] Against Re7} 26. Qb3 Qb6 27. Qxb6 axb6 28. a3 Rd7 29. Rac1 Re8 30. Kf1 Kf7 31. Rxe8 Nxe8 $11 {[%emt 0:00:30][%mdl 4096] Endgame. KRN-KRN} 32. Rc4 b5 33. Rc5 Nd6 34. Ke2 Re7+ 35. Kd3 Rd7 36. Kc2 b4 37. a4 Ne4 38. Rc4 Nxf2 39. Rxb4 Nd3 40. Re4 h6 41. Kc3 Nc5 42. Rc4 Ne6 43. a5 g5 44. g3 {[%emt 0:00:30] Repels Nf4} Rd1 45. Nd4 Nxd4 46. Rxd4 {[%emt 0:00:30] KR-KR} Rc1+ 47. Kb4 Ke6 {[%emt 0:00:30] Prevents Rd7.} 48. Kb5 {[%emt 0:00:30] Strongly threatening Kb6.} Rc6 {[%emt 0:00:30] [#]} (48... f5 $11 {remains equal.}) 49. Rd8 {[%emt 0:00:30] White is more active.} ({White should play} 49. hxg5 $1 $16 hxg5 50. Rd8) 49... f5 50. Rh8 Kd7 51. h5 {[%emt 0:00:30] aiming for Rh7+.} Rf6 $1 52. Rh7+ Kc8 53. Rh8+ Kc7 54. Rh7+ (54. b4 $15) 54... Kc8 (54... Kb8 $17 {And now ...f4 would win.} 55. Rg7 f4 56. gxf4 gxf4) 55. Rh8+ {[%emt 0:00:30] Weighted Error Value: White=0.10 (very precise) /Black=0.09 (flawless) .  Mistake:       	White=2     	Black=2      Inaccurate:     	White=4     	Black=2      OK:         	White=17    	Black=18     Best:        	White=1     	Black=2      Strong:       	---       	Black=1} 1/2-1/2

[Event "7th Sharjah Masters 2024"]
[Site "Sharjah"]
[Date "2024.05.20"]
[Round "7.10"]
[White "Fedoseev, Vladimir"]
[Black "Zemlyanskii, Ivan"]
[Result "0-1"]
[ECO "D02"]
[WhiteElo "2702"]
[BlackElo "2516"]
[Annotator "RC"]
[PlyCount "108"]
[EventDate "2024.05.13"]
[EventType "swiss"]
[EventCountry "UAE"]
[SourceTitle "playchess.com"]
[Source "ChessBase"]
[SourceQuality "1"]
[TimeControl "5400+30"]

1. d4 Nf6 2. Nf3 g6 3. g3 Bg7 4. Bg2 d5 5. O-O O-O 6. a4 c5 7. dxc5 Na6 8. Nc3 Nxc5 9. Be3 b6 10. a5 Bb7 11. Ra3 Qc8 12. Qa1 Nfe4 13. Nxe4 Nxe4 14. c3 Qc7 15. a6 Bc6 16. Nd4 Bd7 17. Qa2 Bxd4 18. Bxd4 Be6 19. c4 Rfd8 20. b3 Rac8 21. e3 Nf6 22. Qb2 dxc4 23. bxc4 Qd7 24. Bb7 Rxc4 25. Raa1 Bh3 26. Rfd1 e5 27. Qb3 Qe6 28. Bb2 Rxd1+ 29. Qxd1 h5 30. Qd3 Rb4 31. Bc3 Rb3 32. Rc1 Kh7 33. Qd1 Rb5 34. Ba1 Rc5 35. Rxc5 bxc5 36. Qc1 Qd6 37. f3 Be6 38. e4 c4 39. Kf2 Nd7 40. Kg2 Nc5 41. Bc3 Nd3 42. Qd2 h4 43. gxh4 Qc5 44. h3 Bxh3+ 45. Kh2 Be6 46. Qe2 Qe7 47. Kg3 Qa3 48. Qd2 Qc5 49. Kh2 Nf4 50. Qe1 f6 51. Bd2 Qa3 52. Kg3 c3 53. Be3 Qb2 54. Qf2 c2 0-1

[Event "7th Sharjah Masters 2024"]
[Site "Sharjah"]
[Date "2024.05.20"]
[Round "7.11"]
[White "Sankalp Gupta"]
[Black "Deac, Bogdan-Daniel"]
[Result "1-0"]
[ECO "C02"]
[WhiteElo "2532"]
[BlackElo "2693"]
[Annotator "TA"]
[PlyCount "107"]
[EventDate "2024.05.13"]
[EventType "swiss"]
[EventCountry "UAE"]
[SourceTitle "playchess.com"]
[Source "ChessBase"]
[SourceQuality "1"]
[TimeControl "5400+30"]

1. e4 c5 2. c3 e6 3. d4 d5 4. e5 Nc6 5. Nf3 Bd7 6. Be2 f6 7. O-O fxe5 8. Nxe5 Nxe5 9. dxe5 Qc7 10. Re1 {[%emt 0:00:27] Nowadays more popular than 10.c4.} O-O-O 11. Bf1 Ne7 {[%emt 0:04:23] C02: French: Advance Variation.} 12. a4 c4 13. b3 $146 ({Predecessor:} 13. Na3 Nf5 14. b3 cxb3 15. Qxb3 Bc5 16. Ra2 Kb8 17. Nc2 Rc8 18. Nb4 Ka8 19. Nd3 {½-½ Walton,J (2287)-Schroeder,C (2263) FICGS W-ch st1 gN 01 email 2021 (1)}) 13... cxb3 14. Qxb3 Nc6 15. Be3 Na5 16. Qb2 Bc5 17. Na3 Bxe3 18. Rxe3 Kb8 19. Nb5 Bxb5 20. axb5 Rhf8 21. Qb4 b6 22. g3 g5 23. Qg4 Qe7 24. Re2 Rc8 25. Bh3 Rfe8 $1 26. Re3 Nc4 27. Re2 Rc5 28. Bf1 h6 (28... Rxb5 $17 29. Rea2 a5 (29... Nxe5 30. Qe2 $16)) 29. Rea2 $1 $11 Na5 (29... Rxb5 $2 30. Bxc4 dxc4 31. Rxa7 (31. Qxc4 Rc5 $11) 31... Qxa7 32. Rxa7 Kxa7 33. Qxc4 $18) (29... Nxe5 30. Qe2 Nc4 31. Rxa7 Qxa7 32. Rxa7 Kxa7 33. Qh5 $14) 30. Ra3 (30. Rxa5 $11 bxa5 31. Rxa5) 30... Qc7 31. Qh5 Rh8 32. Re1 Qe7 33. Re3 Rcc8 (33... Nc4 $1 $15 34. Bxc4 dxc4) 34. Ra4 Rcf8 35. h4 Rh7 36. Rf3 Rxf3 $1 37. Qxf3 Rf7 38. Qe3 Rg7 39. hxg5 hxg5 40. Rg4 Rg6 41. Bd3 Rg7 42. Bf1 Rg6 $1 43. Qf3 (43. Be2 $16) 43... Rh6 44. Bd3 Qg7 45. Qe3 Rh5 46. Be2 Qh7 (46... Qe7 $11) 47. Qf3 (47. Rxg5 $16 Rh1+ 48. Kg2) 47... Kc7 $2 (47... Qh8 $1 $11) 48. c4 $18 (48. Bd3 Qg8 49. Qf6 Nb7) 48... Nb3 $2 {[%emt 0:00:22] [#]} (48... Qb1+ 49. Bd1 Nxc4) 49. cxd5 $1 $18 ({Weaker is} 49. Qxb3 Rh1+ 50. Kg2 Rh2+ 51. Kg1 Rh1+ 52. Kg2 Rh2+ 53. Kg1 Rh1+ $11) 49... exd5 50. Qxd5 ({Inferior is} 50. Qxb3 Rh1+ 51. Kg2 Rh2+ 52. Kf1 Rh1+ 53. Kg2 Rh2+ 54. Kg1 Rh1+ 55. Kg2 $11) 50... Nc5 51. Rd4 g4 52. Qd8+ Kb7 53. Qd5+ $2 (53. Bxg4 {mates} Rh1+ 54. Kg2 Rh2+ 55. Kf1 Qb1+ 56. Rd1 Rh1+ 57. Kg2 Qe4+ 58. f3 (58. Bf3 Qxf3+ 59. Kxf3 Rxd1 60. Qxd1 a6 61. Qd5+ Kc7 62. e6 Nxe6 63. bxa6 Nd4+ 64. Qxd4 b5)) 53... Kb8 $2 (53... Kc7 $11 54. Qc6+ Kb8 55. Rd8#) 54. Bxg4 1-0